 Dungeon Crawl Stone Soup version 0.29.0-15-g675c0067aa (webtiles) character file.

Game seed: 4788818201828241906

11 qw the Sneak (level 2, -14/19 HPs)
             Began as a Gargoyle Delver on Sept 11, 2022.
             Demolished by an ogre
             ... wielding a +0 giant club
              (33 damage)
             ... on level 4 of the Dungeon.
             The game lasted 00:00:04 (344 turns).

qw the Sneak (Gargoyle Delver)                       Turns: 344, Time: 00:00:05

Health: -14/19     AC:  5    Str: 15    XL:     2   Next: 25%
Magic:  2/2        EV: 11    Int: 10    God:
Gold:   57         SH:  0    Dex: 11    Spells: 1/1 levels left

rFire   . . .      SeeInvis .   Y - +0 hand axe
rCold   . . .      Faith    .   (no shield)
rNeg    + . .      Spirit   .   b - +0 leather armour
rPois   inf        Reflect  .   (no helmet)
rElec   +          Harm     .   (no cloak)
rCorr   .          Rampage  .   (no gloves)
Will    .....                   (no boots)
Stlth   +++.......              (no amulet)
HPRegen 0.06/turn               (no ring)
MPRegen 0.08/turn               (no ring)

@: no status effects
A: sickness immunity, AC +2, negative energy resistance 1, electricity
resistance, torment resistance 1, petrification resistance
a: no special abilities


You were on level 4 of the Dungeon.
You visited 1 branch of the dungeon, and saw 2 of its levels.

You collected 57 gold pieces.


Innate Abilities, Weirdness & Mutations

You are immune to sickness and miasma.
Your stone body is resilient. (AC +2)
You are immune to poison.
You resist negative energy. (rN+)
You are resistant to electric shocks. (rElec)
You are resistant to unholy torment.
You are immune to petrification.


   Skills:
 - Level 3.2 Fighting
 + Level 2.6 Axes
 - Level 1.5 Dodging
 - Level 5.4 Stealth


You had one spell level left.
You didn't know any spells.
Your spell library was empty.

Inventory:

Hand Weapons
 Y - a +0 hand axe (weapon)
Armour
 b - a +0 leather armour (worn)
Wands
 g - a wand of digging (3)
Potions
 f - 2 potions of haste
 i - a potion of flight {unknown}

Dungeon Overview and Level Annotations

Branches:
Dungeon (5/15)
 Temple: D:4-7

Altars:


Message History

The giant cockroach is severely wounded.
You hit the adder. The adder bites you. The giant cockroach barely misses you.
The adder bites you.
You hit the giant cockroach.
You kill the giant cockroach!
You hit the adder. The adder closely misses you.
You barely miss the adder.
The adder is almost dead.
The adder bites you. x2
You closely miss the adder.
The adder is almost dead.
The adder bites you but does no damage.
You hit the adder.
You kill the adder!
Your Axes skill increases to level 2!
You have reached level 2!
You start resting.
HP restored.
f - 2 potions of haste (gained 1)
Found an escape hatch in the floor.
Enter note:
There is an escape hatch in the floor here.
You now have 45 gold pieces (gained 13).
You now have 57 gold pieces (gained 12).
An ogre comes into view. It is wielding a +0 giant club.
Enter note:
Enter note:
Enter note: The ogre shouts!
You hit the ogre but do no damage. The ogre closely misses you.
You hit the ogre but do no damage. The ogre barely misses you.
You hit the ogre.
The ogre is lightly wounded.
You barely miss the ogre.
The ogre is lightly wounded.
The ogre hits you with a +0 giant club!!
Ouch! That really hurt!
You die...

...............##..#
#..............##..#
#..............##..#
#..............#...#
##.............#...#
#.............#...#
#................##
##...............# #
#.............@.# #
##............O## #
#.............# #
##.......#....# ##
#......##...#. .#
##...###.......
.#####.####..... .
.#....>........# #.
....##########


You could see an ogre.

Vanquished Creatures
  An adder (D:4)
  A giant cockroach (D:4)
2 creatures vanquished.

Notes
Turn   | Place    | Note
-------+----------+-------------------------------------------
     0 | D:5      | qw the Gargoyle Delver began the quest for the Orb.
     0 | D:5      | Reached XP level 1. HP: 14/14 MP: 1/1
     0 | D:5      | 0 ||| qw: Version: 0.1-a-118-gb4e7ce6
     0 | D:5      | 0 ||| qw: Game counter: 10401
     0 | D:5      | 0 ||| qw: Always use a shield: true
     0 | D:5      | 0 ||| qw: God list: Okawaru
     0 | D:5      | 0 ||| qw: Allow faded altars: false
     0 | D:5      | 0 ||| qw: Do Orc after D:15 true
     0 | D:5      | 0 ||| qw: Do second Lair branch before Depths: true
     0 | D:5      | 0 ||| qw: Lair rune preference: random
     0 | D:5      | 0 ||| qw: Plans: Normal
     0 | D:5      | 0 ||| PLANNING D:1-11
    36 | D:5      | 36 ||| READING scroll labelled ZYACOD BEEF.
    37 | D:5      | 37 ||| DROPPING scroll of fog.
    38 | D:5      | 38 ||| DROPPING scroll of magic mapping.
    39 | D:5      | 39 ||| DROPPING scroll of fear.
    65 | D:4      | Reached XP level 2. HP: 7/19 MP: 2/2
   329 | D:4      | Noticed an ogre
   344 | D:4      | Demolished by an ogre

Levels and vault maps discovered:
D:4:      layout_cave_pods, uniq_eustachio, uniq_menkaure, uniq_blork_the_orc
D:5:      layout_rooms, lemuel_crystal_altar, grunt_temple_overflow_cloverleaf,
          serial_shops, nicolae_shop_waterfront, nicolae_shop_hallway_plus,
          shop, nicolae_stop_n_shop_2, shop_statue, hangedman_decor_push

Skill      XL: |  1 |
---------------+----+-----
Axes           | 2 |  2.6
Fighting       | |  3.2
Dodging        | |  1.5
Stealth        | |  5.4

Action                   || total
-------------------------++-------
Melee: Hand axe          ||    14
  Use: Scroll            ||     1
Armor: Leather armour    ||     6
Dodge: Dodged            ||    12

Table legend:
 A = Non-vault XP
 B = Vault XP
 C = Vault XP percentage of total XP
 D = Non-vault monster count
 E = Vault monster count
 F = Vault count percentage of total count
                 A         B        C        D         E       F
            +---------+---------+-------+---------+---------+-------
      Total |      16 |       0 |   0.0 |       2 |       0 |   0.0
            +---------+---------+-------+---------+---------+-------
        D:4 |      16 |       0 |   0.0 |       2 |       0 |   0.0
            +---------+---------+-------+---------+---------+-------
